[Event "Titled Tuesday Blitz May 24 Late 2022"]
[White "Kim, Sergey"]
[Black "Huber, Benedikt"]
[WhiteFideId "13700570"]
[BlackFideId "12923583"]
[WhiteElo "2573"]
[BlackElo "1979"]
[Result "0-1"]
[Round "01"]
[TimeControl "180+1"]
[Date "2022.05.25"]
[WhiteClock "0:00:20"]
[BlackClock "0:00:09"]

1. d4 f5 2. c4 Nf6 3. g3 e6 4. Bg2 Be7 5. Nh3 O-O 6. O-O d6 7. Nf4 c6 8. Nc3 Qc7 9. e4 e5 10. dxe5 dxe5 11. Nh5 f4 12. gxf4 Nxh5 13. Qxh5 exf4 14. Bf3 Be6 15. b3 Nd7 16. Bb2 Bf6 17. Bg4 Bf7 18. Qh3 Ne5 19. Bf5 g6 20. Bg4 Qe7 21. Rad1 h5 22. Be2 Be6 23. Qg2 f3 24. Bxf3 Bg7 25. Be2 Qh4 26. f3 Bh3 27. Qg3 Qxg3+ 28. hxg3 Bxf1 29. Rxf1 Rad8 30. Ba3 Rfe8 31. Nb1 Nd3 32. Rd1 Ne5 33. Rf1 Rd7 34. Kg2 Red8 35. f4 Ng4 36. Kf3 b6 37. Rh1 c5 38. e5 Rd4 39. Bb2 Bxe5 40. fxe5 Rf8+ 41. Kg2 Rf2+ 42. Kg1 Rxe2 43. Bxd4 cxd4 44. Kf1 Rb2 45. Rh4 Rxb1+ 46. Ke2 Rb2+ 47. Kd3 Rxa2 48. Rh1 Rg2 49. Rf1 Rxg3+ 50. Ke4 d3 51. e6 d2 52. e7 Re3+ 53. Kd5 Rxe7 54. Kc6 Ne3 55. Rg1 d1=Q 56. Rxd1 Nxd1 0-1


[Site "https://www.chess.com"]

[Event "Titled Tuesday Blitz May 24 Late 2022"]
[White "Kim, Yoon-Young"]
[Black "Yurasova, Daria"]
[WhiteFideId "30908779"]
[BlackFideId "34146919"]
[WhiteElo "2109"]
[BlackElo "2021"]
[Result "1-0"]
[Round "01"]
[TimeControl "180+1"]
[Date "2022.05.25"]
[WhiteClock "0:00:11"]
[BlackClock "0:00:39"]

1. d4 d5 2. c4 dxc4 3. Nf3 Nf6 4. e3 e6 5. Bxc4 a6 6. O-O c5 7. Qe2 Nbd7 8. a4 Be7 9. Rd1 Qc7 10. a5 O-O 11. Nc3 cxd4 12. exd4 b5 13. axb6 Nxb6 14. Bd3 Bb7 15. Bg5 Nbd5 16. Ne5 Nxc3 17. bxc3 Qxc3 18. Rac1 Qb3 19. Bxf6 Bxf6 20. Nd7 Qd5 21. Nxf6+ gxf6 22. f3 Kh8 23. Be4 Qd7 24. d5 Bxd5 25. Qb2 Kg7 26. Rd4 Qa7 27. Kh1 Rab8 28. Qd2 Bxe4 29. Rxe4 f5 30. Qg5+ Kh8 31. Qf6+ Kg8 32. Qg5+ Kh8 33. Qf6+ Kg8 34. Rh4 Qe3 35. Rf1 Rbc8 36. Rh5 Rfd8 37. Rg5+ Kf8 38. Rg7 Qa7 39. Rxh7 Ke8 40. Rh8+ Kd7 41. Rxd8+ 1-0


[Site "https://www.chess.com"]

[Event "Titled Tuesday Blitz May 24 Late 2022"]
[White "Kohler, Aran"]
[Black "Bagrationi, Alexander"]
[WhiteFideId "1002856"]
[BlackFideId "14104954"]
[WhiteElo "2243"]
[BlackElo "2502"]
[Result "0-1"]
[Round "01"]
[TimeControl "180+1"]
[Date "2022.05.25"]
[WhiteClock "0:00:05"]
[BlackClock "0:00:30"]

1. d4 Nf6 2. Nf3 g6 3. c3 Bg7 4. Bg5 Ne4 5. Bh4 b6 6. Nbd2 Bb7 7. Nxe4 Bxe4 8. e3 O-O 9. Nd2 Bb7 10. f3 c5 11. Bd3 cxd4 12. exd4 Qc7 13. Bg3 d6 14. O-O e5 15. dxe5 dxe5 16. Re1 Nc6 17. Qe2 Rad8 18. Be4 Rfe8 19. Rad1 f5 20. Qc4+ Kh8 21. Bb1 Qd7 22. Bc2 Na5 23. Qf1 Qc6 24. Nb3 Nc4 25. Rxd8 Rxd8 26. Kh1 Nxb2 27. Bxe5 Bxe5 28. Rxe5 Qxc3 29. Re2 Ba6 30. Qe1 Qxe1+ 31. Rxe1 Rd7 32. h4 Kg7 33. h5 Kf6 34. h6 Kg5 35. Kh2 Kxh6 36. Kg3 Kg5 37. f4+ Kf6 38. Re8 Bc4 39. Nc1 Bf7 40. Rh8 Rc7 41. Bb3 Rxc1 42. Rxh7 Rc3+ 43. Kh4 Rxb3 44. axb3 a5 45. g4 fxg4 46. Kxg4 b5 47. Rh8 Bxb3 48. Rb8 Bc4 49. Rb6+ Kf7 50. Kg5 Bd3 51. Rf6+ Ke7 52. Ra6 a4 53. Ra7+ Kd6 0-1


[Site "https://www.chess.com"]

[Event "Titled Tuesday Blitz May 24 Late 2022"]
[White "Koniahli, Malek."]
[Black "Sarkar, Justin"]
[WhiteFideId "7603495"]
[BlackFideId "2010011"]
[WhiteElo "2097"]
[BlackElo "2020"]
[Result "1/2-1/2"]
[Round "01"]
[TimeControl "180+1"]
[Date "2022.05.25"]
[WhiteClock "0:01:47"]
[BlackClock "0:00:07"]

1. c4 f5 2. Nc3 Nf6 3. g3 e6 4. Bg2 c6 5. d3 d5 6. cxd5 exd5 7. Nf3 Bd6 8. Bf4 O-O 9. Rc1 Bxf4 10. gxf4 d4 11. Nb1 Qa5+ 12. Kf1 Nd5 13. Nxd4 Nxf4 14. Bf3 Qxa2 15. Qd2 Ne6 16. Nc3 Qa5 17. Nxe6 Bxe6 18. Rg1 f4 19. Ne4 Qxd2 20. Nxd2 Nd7 21. b4 a5 22. bxa5 Rxa5 23. Rb1 Ra2 24. Ne4 b6 25. Ng5 Bd5 26. Bxd5+ cxd5 27. Nf3 h6 28. Nd4 Rf6 29. Kg2 Ra4 30. Nf3 Kh7 31. Rgc1 Nc5 32. Ra1 Rxa1 33. Rxa1 b5 34. Rb1 Rb6 35. Rc1 Na4 36. Rc7 b4 37. Ra7 Nc3 38. Nd4 b3 39. Nxb3 Rxb3 40. Rf7 Nxe2 41. Re7 Nd4 42. Rd7 Rxd3 43. Rxd5 f3+ 44. Kh3 Rd2 45. Ra5 g5 46. Kg3 Kg6 47. Ra7 Kh5 48. Ra6 Nf5+ 49. Kxf3 Rd3+ 50. Ke4 Rh3 51. Kxf5 Rxh2 52. Ra2 Rg2 53. Ke4 Rg4+ 54. Kf3 Kh4 55. Ra1 Rf4+ 56. Kg2 Kg4 57. Rh1 Kf5 58. Re1 Rg4+ 59. Kf3 Rf4+ 60. Kg3 h5 61. Re8 h4+ 62. Kg2 Rg4+ 63. Kf1 Rf4 64. Rf8+ Kg4 65. Re8 Rb4 66. Re3 Rb1+ 67. Kg2 Rb2 68. Re4+ Kh5 69. Ra4 g4 70. Ra5+ Kg6 71. Ra6+ Kg5 72. Ra7 Kf4 73. Ra4+ Kf5 74. Ra8 g3 75. Rf8+ Kg4 76. Rg8+ Kf4 77. Rf8+ Kg4 78. Rg8+ Kf4 79. Rf8+ Kg4 1/2-1/2


[Site "https://www.chess.com"]

[Event "Titled Tuesday Blitz May 24 Late 2022"]
[White "Kopczynski, Michal"]
[Black "Fawzy, Adham"]
[WhiteFideId "1124200"]
[BlackFideId "10613129"]
[WhiteElo "2235"]
[BlackElo "2546"]
[Result "1-0"]
[Round "01"]
[TimeControl "180+1"]
[Date "2022.05.25"]
[WhiteClock "0:00:33"]
[BlackClock "0:00:30"]

1. e4 c5 2. d4 cxd4 3. c3 dxc3 4. Nxc3 Nc6 5. f4 e6 6. Nf3 a6 7. Bd3 d6 8. O-O Qc7 9. Kh1 Nf6 10. Qe1 Be7 11. Be3 d5 12. e5 Ng4 13. Bg1 Nh6 14. Rc1 g6 15. Qg3 Nf5 16. Bxf5 gxf5 17. Qg7 Rf8 18. Qxh7 b5 19. Nd4 Bd7 20. Qh6 Qb7 21. Nxd5 Rg8 22. Qh7 Rg6 23. Qh8+ Bf8 24. Nf6+ Ke7 25. Nf3 Bh6 26. Bc5# 1-0


[Site "https://www.chess.com"]

[Event "Titled Tuesday Blitz May 24 Late 2022"]
[White "Korchmar, Vasiliy"]
[Black "Gross, Nicholas"]
[WhiteFideId "24131750"]
[BlackFideId "30921961"]
[WhiteElo "2370"]
[BlackElo "1958"]
[Result "1-0"]
[Round "01"]
[TimeControl "180+1"]
[Date "2022.05.25"]
[WhiteClock "0:01:13"]
[BlackClock "0:00:28"]

1. e4 c5 2. Nf3 d6 3. d4 cxd4 4. Nxd4 Nf6 5. Nc3 g6 6. Be3 Bg7 7. f3 O-O 8. Qd2 Nc6 9. O-O-O d5 10. exd5 Nxd5 11. Nxc6 bxc6 12. Bd4 Bxd4 13. Qxd4 Qb6 14. Na4 Qc7 15. Bc4 Rd8 16. h4 Bf5 17. Bb3 Rd6 18. g4 Be6 19. Nc5 Rad8 20. Nxe6 fxe6 21. Qe5 Qd7 22. h5 Nc7 23. c3 Rf8 24. hxg6 hxg6 25. Rh8+ Kf7 26. Qf4+ 1-0


[Site "https://www.chess.com"]

[Event "Titled Tuesday Blitz May 24 Late 2022"]
[White "Kosteniuk, Alexandra"]
[Black "Redor, Menandro"]
[WhiteFideId "4128125"]
[BlackFideId "5222010"]
[WhiteElo "2469"]
[BlackElo "1986"]
[Result "1-0"]
[Round "01"]
[TimeControl "180+1"]
[Date "2022.05.25"]
[WhiteClock "0:01:01"]
[BlackClock "0:00:04"]

1. d4 c5 2. d5 d6 3. Nc3 h6 4. e4 Nf6 5. h3 g5 6. Be3 Bg7 7. f3 Qb6 8. Qd2 Nh5 9. Nge2 Nd7 10. g4 Ng3 11. Na4 Nxf1 12. Nxb6 Nxd2 13. Nxa8 Nxf3+ 14. Kf2 Nfe5 15. Nc7+ Kd8 16. Nb5 Nc4 17. Rab1 Bxb2 18. Nxa7 b6 19. Nxc8 Kxc8 20. Nc1 Kc7 21. Nd3 Bc3 22. Rb3 Bg7 23. a3 Nxe3 24. Kxe3 c4 25. Rb4 cxd3 26. cxd3 Nc5 27. Rc1 Kb7 28. d4 Nd7 29. Rc6 Rc8 30. Rbc4 1-0


[Site "https://www.chess.com"]

[Event "Titled Tuesday Blitz May 24 Late 2022"]
[White "Kostiukov, Alexandr"]
[Black "Saveliev, Alexei"]
[WhiteFideId "14108100"]
[BlackFideId "24128546"]
[WhiteElo "2202"]
[BlackElo "2281"]
[Result "1-0"]
[Round "01"]
[TimeControl "180+1"]
[Date "2022.05.25"]
[WhiteClock "0:01:50"]
[BlackClock "0:01:22"]

1. g3 g6 2. Bg2 Bg7 3. Nf3 c5 4. O-O Nc6 5. c4 Nf6 6. d4 cxd4 7. Nxd4 O-O 8. c5 Nxd4 9. Qxd4 d6 10. cxd6 Ne8 11. Qh4 Nxd6 12. Nc3 Be6 13. Rd1 Qb6 14. Qxe7 Nf5 15. Qa3 Rac8 16. e4 Nd4 17. Be3 Rfd8 18. Rd2 Qc7 19. Rad1 Nc6 20. Nb5 Rxd2 21. Rxd2 Qe5 22. Nxa7 Nxa7 23. Qxa7 Rc1+ 24. Bf1 Bh3 25. Rd8+ Bf8 26. Bxc1 Bxf1 27. Bh6 1-0


[Site "https://www.chess.com"]

[Event "Titled Tuesday Blitz May 24 Late 2022"]
[White "Krishnan, Varun"]
[Black "Paravyan, David"]
[WhiteFideId "5054508"]
[BlackFideId "4194985"]
[WhiteElo "2554"]
[BlackElo "2569"]
[Result "0-1"]
[Round "01"]
[TimeControl "180+1"]
[Date "2022.05.24"]
[WhiteClock "0:00:01"]
[BlackClock "0:00:32"]

1. e4 e5 2. Nf3 Nf6 3. Nxe5 d6 4. Nf3 Nxe4 5. Qe2 Qe7 6. d3 Nf6 7. Nc3 Qxe2+ 8. Bxe2 g6 9. d4 Bg7 10. O-O Bf5 11. Bb5+ c6 12. Re1+ Kd8 13. Bc4 d5 14. Bb3 Nbd7 15. Ne5 Nxe5 16. dxe5 Nd7 17. f4 f6 18. e6 Nc5 19. e7+ Kd7 20. Be3 Nxb3 21. axb3 b6 22. b4 Rhe8 23. Bf2 Bxc2 24. b5 cxb5 25. Rac1 Bb3 26. Nxb5 Bc4 27. Na3 Rxe7 28. Rxe7+ Kxe7 29. Nxc4 dxc4 30. Rxc4 Kd7 31. Rd4+ Kc6 32. Rc4+ Kb7 33. Re4 Rc8 34. Re7+ Rc7 35. Re1 f5 36. b3 Bc3 37. Rd1 Re7 38. h3 Bb4 39. g4 Kc6 40. Kg2 a5 41. Kf3 Bc5 42. Bh4 Re3+ 43. Kg2 Rxb3 44. gxf5 gxf5 45. Rd8 a4 46. Rh8 a3 47. Rxh7 a2 48. Ra7 Rb2+ 49. Kf3 Bd4 50. Be1 Rc2 51. h4 b5 52. h5 Bxa7 0-1


[Site "https://www.chess.com"]

[Event "Titled Tuesday Blitz May 24 Late 2022"]
[White "Kruckenhauser, Arthur"]
[Black "Sanchez, Robert"]
[WhiteFideId "1642812"]
[BlackFideId "2034360"]
[WhiteElo "2243"]
[BlackElo "2270"]
[Result "1-0"]
[Round "01"]
[TimeControl "180+1"]
[Date "2022.05.25"]
[WhiteClock "0:02:23"]
[BlackClock "0:01:59"]

1. e4 e6 2. d4 d5 3. e5 c5 4. c3 Nc6 5. Nf3 Bd7 6. Be2 Nge7 7. Na3 cxd4 8. cxd4 Nf5 9. Nc2 Be7 10. g3 h5 11. h4 Rc8 12. O-O Rg8 13. Bd3 Nh6 14. Bg5 Ng4 15. Ne3 Bxg5 16. Nxg5 Nxd4 17. Bh7 Nxe3 18. fxe3 f6 1-0


[Site "https://www.chess.com"]

[Event "Titled Tuesday Blitz May 24 Late 2022"]
[White "Kujawski, Adam"]
[Black "Gong, Patrick"]
[WhiteFideId "1100920"]
[BlackFideId "3222500"]
[WhiteElo "1982"]
[BlackElo "2103"]
[Result "1-0"]
[Round "01"]
[TimeControl "180+1"]
[Date "2022.05.25"]
[WhiteClock "0:00:39"]
[BlackClock "0:02:02"]

1. e4 c6 2. d4 d5 3. Nc3 dxe4 4. Nxe4 Nf6 5. Nxf6+ exf6 6. Bc4 Na6 7. Be3 Bd6 8. Qh5 O-O 9. h4 Nb4 10. O-O-O b5 11. Bb3 a5 12. Nh3 a4 13. Ng5 fxg5 14. hxg5 Bf5 15. Rh4 Bg6 16. Qxg6 1-0


[Site "https://www.chess.com"]

[Event "Titled Tuesday Blitz May 24 Late 2022"]
[White "Lehtosaari, Mauri"]
[Black "Quesada Perez, Yuniesky"]
[WhiteFideId "501999"]
[BlackFideId "3504409"]
[WhiteElo "2503"]
[BlackElo "2622"]
[Result "0-1"]
[Round "01"]
[TimeControl "180+1"]
[Date "2022.05.24"]
[WhiteClock "0:00:23"]
[BlackClock "0:01:16"]

1. d4 d5 2. Nf3 Nf6 3. Bg5 Bf5 4. c3 e6 5. Qb3 Nbd7 6. Nbd2 c5 7. e3 c4 8. Qxb7 Rb8 9. Qxa7 Rxb2 10. Be2 Bd6 11. O-O O-O 12. a4 Qc8 13. Bf4 Bxf4 14. exf4 Qc6 15. Ne5 Nxe5 16. dxe5 Rxd2 17. exf6 Rxe2 18. fxg7 Kxg7 19. a5 Ra8 20. Qd4+ Kg8 21. h3 Bd3 22. Rfd1 Qc7 23. a6 Qa7 24. Qxa7 Rxa7 25. Ra3 Rb2 26. Rda1 Rb3 27. f3 Kf8 28. Kf2 Rb2+ 29. Kg3 Ke7 30. Ra5 Kd6 31. h4 h5 32. Kh3 Rb3 33. R5a3 Kc6 34. g4 Kb6 35. gxh5 Bf5+ 36. Kg3 Rxa3 37. Rxa3 Rxa6 38. Rxa6+ Kxa6 0-1


[Site "https://www.chess.com"]

[Event "Titled Tuesday Blitz May 24 Late 2022"]
[White "Levine, David"]
[Black "Sargsyan, Anna M."]
[WhiteFideId "2011611"]
[BlackFideId "13308130"]
[WhiteElo "2105"]
[BlackElo "2271"]
[Result "0-1"]
[Round "01"]
[TimeControl "180+1"]
[Date "2022.05.25"]
[WhiteClock "0:00:04"]
[BlackClock "0:00:19"]

1. d4 d5 2. c4 c6 3. Nf3 Nf6 4. Qc2 dxc4 5. Qxc4 Bf5 6. Nbd2 e6 7. g3 Nbd7 8. Bg2 Be7 9. O-O O-O 10. Nh4 Bg4 11. h3 Bh5 12. e4 Nb6 13. Qd3 c5 14. Nb3 c4 15. Qe3 cxb3 16. axb3 Nfd7 17. Nf3 f6 18. g4 Bf7 19. Rd1 a6 20. Ne1 Rc8 21. f4 Nb8 22. Qf2 Nc6 23. Be3 Nd7 24. h4 Nb4 25. g5 fxg5 26. hxg5 Bh5 27. Rdc1 Bxg5 28. Bh3 Rxc1 29. Rxc1 Bh4 30. Bxe6+ Kh8 31. Qh2 Bf7 32. Bxd7 Qxd7 33. Qxh4 Bxb3 34. Nf3 Bg8 35. Ne5 Qd6 36. d5 b6 37. Qf2 Rb8 38. Qd2 a5 39. Bd4 Qh6 40. Qh2 Qf6 41. Qg3 Rd8 42. Rc7 Bxd5 43. Rxg7 Qxg7 44. Nf3 Qxd4+ 45. Nxd4 Rg8 0-1


[Site "https://www.chess.com"]

[Event "Titled Tuesday Blitz May 24 Late 2022"]
[White "Maghsoodloo, Parham"]
[Black "Dobre, Claudiu-Cristian"]
[WhiteFideId "12539929"]
[BlackFideId "1211854"]
[WhiteElo "2630"]
[BlackElo "2207"]
[Result "1-0"]
[Round "01"]
[TimeControl "180+1"]
[Date "2022.05.24"]
[WhiteClock "0:01:28"]
[BlackClock "0:00:17"]

1. d4 d5 2. Nf3 Nf6 3. c4 c6 4. Nc3 e6 5. Bg5 Nbd7 6. e3 Qa5 7. Nd2 Bb4 8. Qc2 O-O 9. a3 c5 10. Bxf6 Nxf6 11. Nb3 Bxc3+ 12. Qxc3 Qxc3+ 13. bxc3 cxd4 14. cxd4 dxc4 15. Bxc4 b6 16. Ke2 Bb7 17. f3 Rac8 18. Bd3 Rc3 19. Rab1 Bd5 20. Nd2 Rxa3 21. e4 Bb7 22. Rhc1 Rb8 23. g4 Kf8 24. h4 Ne8 25. Nc4 f6 26. Nxa3 1-0


[Site "https://www.chess.com"]

[Event "Titled Tuesday Blitz May 24 Late 2022"]
[White "Mahdavi, Reza"]
[Black "Blackman, Justin"]
[WhiteFideId "12595926"]
[BlackFideId "11100516"]
[WhiteElo "2253"]
[BlackElo "2112"]
[Result "1-0"]
[Round "01"]
[TimeControl "180+1"]
[Date "2022.05.25"]
[WhiteClock "0:00:33"]
[BlackClock "0:00:02"]

1. e4 e5 2. Nf3 Nc6 3. Nc3 Bb4 4. Nd5 Ba5 5. c3 d6 6. b4 Bb6 7. d4 Bg4 8. Nxb6 axb6 9. Bb5 Bd7 10. O-O Nge7 11. Bg5 f6 12. Be3 O-O 13. Qc2 Kh8 14. Be2 Ng6 15. Rad1 Qe8 16. Bc4 f5 17. dxe5 f4 18. Bc1 Ncxe5 19. Be2 Nxf3+ 20. Bxf3 Ne5 21. Qe2 Qg6 22. Rd5 Be6 23. Rxe5 dxe5 24. c4 b5 25. cxb5 Rxa2 26. Qd3 Qf7 27. Qc3 Bc4 28. Re1 Re8 29. g3 fxg3 30. hxg3 Bxb5 31. Kg2 h6 32. Be3 c6 33. Rh1 Rf8 34. Bc5 Rd8 35. Qxe5 Qg6 36. Qe7 Raa8 37. Be3 Rf8 38. Qxb7 Rae8 39. Qd7 Rd8 40. Qg4 Qf6 41. Bf4 Bd3 42. Qh4 Qxh4 43. Rxh4 Rde8 44. Bd6 Rf6 45. e5 g5 46. exf6 gxh4 47. f7 1-0


[Site "https://www.chess.com"]

[Event "Titled Tuesday Blitz May 24 Late 2022"]
[White "Makarian, Rudik"]
[Black "Moral Garcia, Serafin"]
[WhiteFideId "44105681"]
[BlackFideId "2201925"]
[WhiteElo "2419"]
[BlackElo "2228"]
[Result "1-0"]
[Round "01"]
[TimeControl "180+1"]
[Date "2022.05.24"]
[WhiteClock "0:02:11"]
[BlackClock "0:02:04"]

1. e4 e5 2. Nc3 Nf6 3. Nf3 Nc6 4. h3 g6 5. Bc4 Bg7 6. d3 O-O 7. a4 d6 8. O-O h6 9. a5 a6 10. Nh2 Be6 11. b3 d5 12. exd5 Nxd5 13. Nxd5 Bxd5 14. Bb2 Qd6 15. Ng4 Rad8 16. Ba3 Qe6 17. Bxf8 Bxf8 18. Bxd5 Rxd5 19. Qf3 f5 20. Qxd5 1-0


[Site "https://www.chess.com"]

[Event "Titled Tuesday Blitz May 24 Late 2022"]
[White "Malka, Samuel"]
[Black "Shimanov, Aleksandr"]
[WhiteFideId "20643675"]
[BlackFideId "4198603"]
[WhiteElo "2504"]
[BlackElo "2605"]
[Result "0-1"]
[Round "01"]
[TimeControl "180+1"]
[Date "2022.05.24"]
[WhiteClock "0:00:10"]
[BlackClock "0:01:31"]

1. d4 Nf6 2. c4 g6 3. Nc3 Bg7 4. e4 O-O 5. Nf3 d6 6. Be2 Na6 7. O-O e5 8. Be3 c6 9. Re1 Re8 10. d5 Ng4 11. Bg5 Qb6 12. Rf1 h6 13. Bc1 Bd7 14. h3 Nf6 15. Rb1 c5 16. a3 Qd8 17. b4 b6 18. b5 Nc7 19. Be3 Nh5 20. Nd2 Nf4 21. Re1 f5 22. Bf1 Nxg2 23. Bxg2 f4 24. Nf1 fxe3 25. Nxe3 Rf8 26. f3 Qg5 27. Ng4 h5 28. Nf2 Rf7 29. Kh1 Qh4 30. Qc2 Raf8 31. Rg1 Bh6 32. Qe2 Kh7 33. Qf1 Qg3 34. Ne2 Qh4 35. Rb3 Ne8 36. a4 Nf6 37. a5 Kh8 38. axb6 axb6 39. Ra3 Nh7 40. Kh2 Ng5 41. f4 exf4 42. e5 f3 43. e6 fxg2 44. Qxg2 Rxf2 0-1


[Site "https://www.chess.com"]

[Event "Titled Tuesday Blitz May 24 Late 2022"]
[White "Maltsevskaya, Aleksandra"]
[Black "Lopez Perdomo, Juan David"]
[WhiteFideId "24174041"]
[BlackFideId "4405137"]
[WhiteElo "2235"]
[BlackElo "1997"]
[Result "1-0"]
[Round "01"]
[TimeControl "180+1"]
[Date "2022.05.25"]
[WhiteClock "0:02:37"]
[BlackClock "0:01:15"]

1. e4 e6 2. d4 d5 3. Nd2 dxe4 4. Nxe4 Bd7 5. Nf3 Bc6 6. Bd3 Be7 7. Ne5 Nd7 8. Nxc6 bxc6 9. O-O Ngf6 10. Qf3 O-O 11. Rd1 Rb8 12. Nxf6+ Bxf6 13. Qxc6 Bxd4 14. Bxh7+ Kxh7 15. Rxd4 Ne5 16. Qe4+ f5 17. Qxe5 Qxd4 18. Qxd4 Rbd8 19. Qh4+ 1-0


[Site "https://www.chess.com"]

[Event "Titled Tuesday Blitz May 24 Late 2022"]
[White "Manukyan, Sargis A."]
[Black "Lodici, Lorenzo"]
[WhiteFideId "13303970"]
[BlackFideId "884189"]
[WhiteElo "2187"]
[BlackElo "2265"]
[Result "0-1"]
[Round "01"]
[TimeControl "180+1"]
[Date "2022.05.24"]
[WhiteClock "0:01:30"]
[BlackClock "0:00:31"]

1. d4 e6 2. e3 b6 3. Nf3 Bb7 4. Be2 c5 5. O-O Nf6 6. b3 cxd4 7. Nxd4 Nc6 8. Bb2 Nxd4 9. Qxd4 Qc7 10. c4 Bd6 11. h3 a6 12. Rd1 Bc5 13. Qh4 Rg8 14. Nc3 g5 15. Qh6 Rg6 16. Qxg6 hxg6 17. Na4 Ne4 18. Bf3 Be7 19. Rd4 Nc5 20. Bxb7 Qxb7 21. Nc3 Bf6 22. Rdd1 Rd8 23. f3 d6 24. b4 Nd7 25. Rxd6 Qc7 26. Rad1 Qxc4 27. Ne4 Bxb2 28. R6d2 Qxb4 29. Nd6+ Ke7 30. Nb7 Bc3 31. Rd3 Nc5 32. Nxd8 Nxd3 33. Nc6+ Kf6 34. Nxb4 Nxb4 35. a3 Nd5 36. e4 Nf4 37. g3 Nxh3+ 38. Kg2 g4 39. f4 g5 40. fxg5+ Nxg5 41. Rd6 Ba5 42. Rd4 Ke5 43. Rd7 Kxe4 44. a4 f5 45. Rd6 e5 46. Rc6 Nf3 47. Rc4+ Nd4 48. Kf2 f4 49. Rc8 Bd2 50. Rg8 Be3+ 51. Kg2 f3+ 52. Kf1 Kd3 53. Rxg4 e4 54. Rg8 Bd2 0-1


[Site "https://www.chess.com"]

[Event "Titled Tuesday Blitz May 24 Late 2022"]
[White "Martin Carmona, Gaston Manuel"]
[Black "Drygalov, Andrey"]
[WhiteFideId "22284567"]
[BlackFideId "24171735"]
[WhiteElo "2162"]
[BlackElo "2540"]
[Result "0-1"]
[Round "01"]
[TimeControl "180+1"]
[Date "2022.05.24"]
[WhiteClock "0:00:03"]
[BlackClock "0:00:15"]

1. d4 Nf6 2. c4 e6 3. Nc3 Bb4 4. Qc2 d5 5. cxd5 exd5 6. Bg5 h6 7. Bh4 Nc6 8. e3 g5 9. Bg3 h5 10. h3 Ne4 11. Bh2 Bf5 12. Bd3 Qe7 13. Ne2 O-O-O 14. a3 Bxc3+ 15. bxc3 Bg6 16. O-O g4 17. Nf4 gxh3 18. Nxh3 h4 19. c4 dxc4 20. Qxc4 Nd6 21. Qc2 Bxd3 22. Qxd3 Qe4 23. Qxe4 Nxe4 24. Rfc1 Rhg8 25. Rc2 Rd7 26. Rac1 a6 27. Bf4 Kb8 28. Rb1 Ka7 29. Rcb2 Na5 30. f3 Nd6 31. a4 Ndc4 32. Rb4 Re8 33. Kf2 c6 34. Ng5 f5 35. Rh1 c5 36. dxc5 Rd2+ 37. Kg1 Nxe3 38. Bxe3 Rxe3 39. Rhxh4 Ree2 40. Nf7 Rxg2+ 41. Kh1 Rge2 42. Rb1 Nb3 43. Rh7 Nxc5 44. Ng5 Rd3 45. a5 Red2 46. Rc7 Rd1+ 47. Rxd1 Rxd1+ 48. Kg2 Rd5 49. f4 Kb8 50. Rf7 Nd3 51. Kg3 Rxa5 52. Ne6 Rd5 53. Ng7 a5 54. Nxf5 a4 55. Ne3 Rc5 56. Rh7 a3 57. Rh1 a2 58. Ra1 Nb4 59. Kf3 Rc3 0-1


[Site "https://www.chess.com"]

[Event "Titled Tuesday Blitz May 24 Late 2022"]
[White "Martinez Alcantara, Jose Eduardo"]
[Black "Yurovskykh, Oleksandr"]
[WhiteFideId "3805662"]
[BlackFideId "14134020"]
[WhiteElo "2690"]
[BlackElo "2292"]
[Result "1-0"]
[Round "01"]
[TimeControl "180+1"]
[Date "2022.05.24"]
[WhiteClock "0:00:11"]
[BlackClock "0:00:05"]

1. e4 d5 2. exd5 Qxd5 3. Nf3 Bg4 4. Be2 Nc6 5. h3 Bxf3 6. Bxf3 Qe5+ 7. Qe2 Qxe2+ 8. Bxe2 O-O-O 9. c3 e5 10. d3 f5 11. Nd2 g6 12. Nc4 Bh6 13. b4 Bxc1 14. Rxc1 a6 15. a4 Re8 16. b5 axb5 17. axb5 Nd8 18. O-O b6 19. Rfe1 Nf6 20. Ra1 Nf7 21. Ra7 Re6 22. Bf3 e4 23. dxe4 fxe4 24. Be2 Rd8 25. Rea1 Nd6 26. Ne3 Kd7 27. Rd1 Rc8 28. Nc4 Ke8 29. Ne3 Re5 30. c4 h5 31. Rxc7 Rxc7 32. Rxd6 Nd7 33. Rxg6 Ra7 34. Rh6 Ra1+ 35. Kh2 Ra2 36. Bxh5+ Kf8 37. Bg4 Nc5 38. Kg3 Nd3 39. Rxb6 Rxf2 40. Rd6 Rb2 41. h4 Rb3 42. Bd1 Ra3 43. b6 Nc5 44. Kf4 Re7 45. Bg4 Rf7+ 46. Nf5 1-0


[Site "https://www.chess.com"]

[Event "Titled Tuesday Blitz May 24 Late 2022"]
[White "Mekhitarian, Krikor Sevag"]
[Black "Przybylski, Wojciech"]
[WhiteFideId "2107660"]
[BlackFideId "1117599"]
[WhiteElo "2598"]
[BlackElo "2133"]
[Result "1-0"]
[Round "01"]
[TimeControl "180+1"]
[Date "2022.05.24"]
[WhiteClock "0:00:30"]
[BlackClock "0:00:06"]

1. d4 Nf6 2. Nf3 b6 3. g3 Bb7 4. Bg2 e6 5. O-O Be7 6. c4 O-O 7. Re1 d5 8. cxd5 exd5 9. Bf4 Nbd7 10. Nc3 c6 11. Rc1 Re8 12. h3 Bf8 13. Nd2 Rc8 14. e4 h6 15. e5 Nh7 16. Be3 g6 17. f4 Bg7 18. b4 Ndf8 19. Bf2 Ne6 20. a4 c5 21. dxc5 bxc5 22. b5 Ba8 23. Nb3 c4 24. Nd4 Nc5 25. Nc6 Bxc6 26. Bxc5 Bxb5 27. Bxa7 Bc6 28. Nxd5 Qa5 29. Bb6 Qxa4 30. Qxa4 Bxa4 31. Nc7 Re6 32. Nxe6 fxe6 33. Bf1 Bb3 34. Re4 c3 35. Re3 Rc6 36. Rcxc3 Rxb6 37. Rxb3 Rc6 38. Rec3 Rxc3 39. Rxc3 Bf8 40. Rc6 Bb4 41. Bc4 Nf8 42. Bxe6+ Kh8 43. Kg2 Be7 44. h4 h5 45. Bh3 Bb4 46. Kf3 Kg7 47. Rc7+ Kg8 48. f5 gxf5 49. Bxf5 Ba5 50. Rb7 Bc3 51. e6 Bf6 52. e7 Bxe7 53. Rxe7 Kh8 54. Ra7 Ne6 55. Ra8+ Kg7 56. Bxe6 Kh6 57. Bf7 Kg7 58. Bxh5 Kh6 59. g4 Kg7 60. Ra7+ Kh6 61. g5+ Kxh5 62. Rg7 Kxh4 63. Kf4 Kh3 64. Re7 Kg2 65. g6 Kf2 66. g7 Kf1 67. g8=Q Kf2 68. Qg3+ Kf1 69. Re1# 1-0


[Site "https://www.chess.com"]

[Event "Titled Tuesday Blitz May 24 Late 2022"]
[White "Melikhov, Evgeny V."]
[Black "Olafsson, Helgi"]
[WhiteFideId "4122046"]
[BlackFideId "2300010"]
[WhiteElo "1931"]
[BlackElo "2463"]
[Result "0-1"]
[Round "01"]
[TimeControl "180+1"]
[Date "2022.05.25"]
[WhiteClock "0:00:05"]
[BlackClock "0:00:31"]

1. d4 Nf6 2. c4 e6 3. Nc3 Bb4 4. Qc2 c5 5. dxc5 O-O 6. a3 Bxc5 7. Nf3 b6 8. e3 Bb7 9. Be2 Nc6 10. b3 Rc8 11. Bb2 d5 12. O-O-O Qe7 13. b4 Bd6 14. g4 a5 15. g5 Ng4 16. Nb5 axb4 17. Nxd6 Qxd6 18. axb4 Nxb4 19. Qb3 Ba6 20. Ba3 Bxc4 21. Bxc4 Qb8 22. Bxb4 Rxc4+ 23. Kb1 Nxf2 24. Bxf8 Qxf8 25. Rd4 Rxd4 26. Nxd4 Nxh1 27. Qxb6 Nf2 28. Nc6 Ne4 29. h4 h6 30. Qc7 Kh8 31. Ne7 g6 32. h5 Nxg5 33. hxg6 Kg7 34. Qe5+ f6 35. Qc7 Kh8 36. Kc2 Ne4 37. Qd7 Ng5 0-1


[Site "https://www.chess.com"]